 Dungeon Crawl Stone Soup version 0.31.0-32-g396128a36d (webtiles) character file.

Game seed: 67145416943482081

28 booth the Chopper (level 3, -3/33 HPs)
             Began as a Hill Orc Monk on Mar 27, 2024.
             Slain by an ogre
             ... wielding a +0 giant club
              (27 damage)
             ... on level 4 of the Dungeon.
             The game lasted 00:04:31 (870 turns).

booth the Chopper (Hill Orc Monk)                    Turns: 870, Time: 00:04:32

Health: -3/33      AC:  3    Str: 15    XL:     3   Next: 14%
Magic:  3/3        EV: 12    Int: 10    God:
Gold:   91         SH:  0    Dex: 13    Spells: 2/2 levels left

rFire   . . .        a - +0 hand axe
rCold   . . .        d - orb {light}
rNeg    . . .        b - +0 robe
rPois   .            m - +0 helmet
rElec   .            (no cloak)
rCorr   .            (no gloves)
SInv    +            (no boots)
Will    .....        (no amulet)
Stlth   +            g - ring of see invisible
HPRegen 0.25/turn    (no ring)
MPRegen 0.08/turn

%: no passive effects
@: glowing, studying Fighting
A: no striking features
a: no special abilities


You were on level 4 of the Dungeon.
You visited 1 branch of the dungeon, and saw 3 of its levels.

You collected 91 gold pieces.

Inventory:

Hand Weapons
 a - a +0 hand axe (weapon)
Armour
 b - a +0 robe (worn)
 d - an orb of light (worn)
 m - a +0 helmet (worn)
Jewellery
 g - a ring of see invisible (left hand)
Scrolls
 e - 2 scrolls of poison
 h - a scroll of teleportation {unknown}
 k - a scroll of vulnerability {unknown}
Potions
 c - a potion of ambrosia
 i - a potion of cancellation {unknown}
 j - a potion of curing {unknown}
 l - a potion of resistance {unknown}


   Skills:
 + Level 4.3 Fighting
 * Level 4.9 Axes
 + Level 2.7 Dodging


You had 2 spell levels left.
You didn't know any spells.
Your spell library was empty.

Dungeon Overview and Level Annotations

Branches:
Dungeon (2/15)

Altars:


Message History

You hit the adder.
You kill the adder!
You have reached level 3!
Your experience leads to an increase in your attributes!
Increase (S)trength, (I)ntelligence, or (D)exterity?
You feel stronger. x2
HP restored.
A ball python comes into view.
You closely miss the ball python. The ball python closely misses you.
The ball python barely misses you.
You hit the ball python.
You kill the ball python!
You open the door.
A quokka comes into view.
Found a scroll labelled DUQIRGH VANN and a white potion.
An ogre comes into view. It is wielding a +0 giant club.
The ogre shouts!
There is an open door here.
The quokka attacks as it pursues you! The quokka bites you.
You hit the quokka.
The quokka is severely wounded.
The quokka bites you. The quokka barely misses you.
You barely miss the quokka.
The quokka is severely wounded.
The quokka bites you.
You hit the quokka but do no damage.
The quokka is severely wounded.
The quokka bites you.
You hit the quokka.
You kill the quokka!
It was a potion of heal wounds.
You feel much better. The ogre hits you with a +0 giant club!
You hit the ogre.
The ogre is lightly wounded.
The ogre misses you.
You hit the ogre.
The ogre is lightly wounded.
The ogre hits you with a +0 giant club!!
Ouch! That really hurt!
You die...

#..........#
#..........#
......O.!.#
#..?......#
##.........#
#..........#
#..........#....
####'#######....
#......O@.......
####...............
...................
...................
...................
............†......
........†#'#########
.........#.........#
.........#.........#


You could see an ogre.

Vanquished Creatures
  An adder (D:4)
  A bat (D:2)
  2 endoplasms (D:1)
  3 goblins
  A hobgoblin (D:2)
  A quokka (D:4)
  4 ball pythons
  2 frilled lizards (D:2)
  2 kobolds
  A rat (D:2)
18 creatures vanquished.

Notes
Turn   | Place    | Note
-------+----------+-------------------------------------------
     0 | D:1      | booth the Hill Orc Monk began the quest for the Orb.
     0 | D:1      | Reached XP level 1. HP: 19/19 MP: 1/1
   487 | D:1      | Identified a scroll of acquirement
   487 | D:1      | Acquired a manual of Fighting
   625 | D:2      | Reached XP level 2. HP: 27/27 MP: 2/2
   789 | D:2      | You fall into a shaft and drop 2 floors!
   834 | D:4      | Reached XP level 3. HP: 30/33 MP: 3/3
   858 | D:4      | Noticed an ogre
   870 | D:4      | Slain by an ogre

Illustrated notes

Levels and vault maps discovered:
D:1:      dpeg_arrival_arbitrary_a, layout_rooms
D:2:      layout_basic
D:4:      layout_gridville, serial_shops, shop_statue,
          kennysheep_cross_bottleneck, uniq_sigmund, uniq_eustachio, uniq_robin

Skill      XL: |  1  2 |
---------------+-------+-----
Fighting       | 4 |  4.3
Axes           | |  4.9
Dodging        | |  2.7

Action                     || total
---------------------------++-------
  Melee: Hand axe          ||    65
    Use: Scroll            ||     2
         Potion            ||     1
 Armour: Robe              ||    32
  Dodge: Dodged            ||    35
